 Dungeon Sprint DCSS version 0.26-a0-667-g92642533e4 (webtiles) character file.

Game seed: 1957154886426388396

6719 mhtbhm the Eclecticist (level 10, 0/53 HPs)
             Began as a Deep Elf Earth Elementalist on Oct 16, 2020.
             Was a High Priest of Vehumet.
             Hit by a javelin thrown by Urug (22 damage)
             ... in the Dungeon (Sprint IX: "|||||||||||||||||||||||||||||").
             The game lasted 00:06:27 (2689 turns).

mhtbhm the Eclecticist (DEEE)                       Turns: 2689, Time: 00:06:28

Health: 0/53       AC:  7    Str:  8    XL:     10   Next: 74%
Magic:  28/36      EV: 17    Int: 24    God:    Vehumet [*****.]
Gold:   16         SH:  0    Dex: 17    Spells: 34/49 levels left

rFire    . . .     SeeInvis .   l - +2 rapier (drain)
rCold    . . .     Faith    .   (no shield)
rNeg     . . .     Spirit   .   c - +0 robe
rPois    .         Reflect  .   (helmet restricted)
rElec    .         Harm     .   w - +0 cloak
rCorr    .         Rampage  .   v - +0 pair of gloves
MR       +....     NoTele   +   o - +0 pair of boots
Stlth    ++++......             (no amulet)
HPRegen  0.17/turn              m - +3 ring of strength
MPRegen  0.25/turn              n - +2 ring of protection

@: no status effects
A: beak, agile 1
a: Renounce Religion


You were in the Dungeon.
You worshipped Vehumet.
Vehumet was extremely pleased with you.
You visited 1 branch You collected 16 gold pieces.

Inventory:

Hand Weapons
 l - a +2 rapier of draining (weapon)
Missiles
 b - 14 stones (quivered)
Armour
 c - a +0 robe (worn)
 o - a +0 pair of boots (worn)
 v - a +0 pair of gloves (worn)
 w - a +0 cloak (worn)
Jewellery
 m - a +3 ring of strength (left hand)
 n - a +2 ring of protection (right hand)
Wands
 k - a wand of acid (6)
Scrolls
 f - 4 scrolls of remove curse
 i - a scroll of blinking
 j - 2 scrolls of amnesia
 s - a scroll of fog
 u - 8 scrolls of enchant weapon
Potions
 a - a potion of invisibility
 d - 5 potions of curing
 e - 5 potions of heal wounds
 g - 2 potions of magic
 h - a potion of berserk rage
 p - a potion of haste
 q - 2 potions of might
 r - 2 potions of brilliance
Miscellaneous
 t - a box of beasts (3/3)


   Skills:
 + Level 2.2 Fighting
 + Level 2.4 Short Blades
 + Level 6.7 Dodging
 + Level 7.1 Stealth
 + Level 20.0 Spellcasting
 + Level 1.2 Conjurations
 + Level 5.9 Transmutations
 + Level 17.7 Earth Magic
 + Level 2.6 Evocations


You had 34 spell levels left.
You knew the following spells:

 Your Spells              Type           Power        Failure   Level
a - Sandblast             Erth           ######       0%          1
b - Passwall              Tmut/Erth      ######..     1%          2
c - Stone Arrow           Conj/Erth      ######       1%          3
d - Petrify               Tmut/Erth      ######..     1%          4
e - Lee's Rapid Deconstr  Erth           #######...   1%          5

Your spell library contained the following spells:

 Spells                   Type           Power        Failure   Level
 Iskenderun's Mystic Bla  Conj/Tloc      ####....     4%          4


Dungeon Overview and Level Annotations

Branches:
Dungeon (1/1)

Altars:
Cheibriados
Dithmenos
Elyvilon
Fedhas
Gozag
Hepliaklqana
Kikubaaqudgha
Makhleb
Nemelex Xobeh
Okawaru
Qazlal
Ru
Sif Muna
Trog
Uskayaw
Vehumet
Wu Jian
Xom
Yredelemnul
Zin
The Shining One
Beogh
Jiyva
Lugonu

Annotations:
D Urug


Innate Abilities, Weirdness & Mutations

You have a beak for a mouth.
You are agile. (Dex +2)


Message History

Aiming: Lee's Rapid Deconstruction (safe; 1% risk of failure)
Press: ? - help, Dir - move target cursor, f - you You cannot affect that.
Okay, then.
Casting: Lee's Rapid Deconstruction (safe; 1% risk of failure)
Confirm with . or Enter, or press ? or * to list all spells.
Aiming: Petrify (safe; 1% risk of failure)
Press: ? - help, Shift-Dir - straight line, f - Urug
Aim: Urug, wielding a +1 long sword of holy wrath, wearing a +0 scale mail and quivering 6 javelins (chance to defeat MR: 65%) Urug struggles to resist.
Urug throws a javelin.
The javelin pierces through you!
Unknown command.
Casting: Petrify (safe; 1% risk of failure)
Confirm with . or Enter, or press ? or * to list all spells.
Aiming: Petrify (safe; 1% risk of failure)
Press: ? - help, Shift-Dir - straight line, f/p - Urug
Aim: Urug, wielding a +1 long sword of holy wrath, wearing a +0 scale mail and quivering 5 javelins (chance to defeat MR: 65%) Urug struggles to resist.
Urug throws a javelin.
The javelin pierces through you!!
You die...

▓▓▓▓▓▓▓▓▓▓▓▓▓▓▓▓▓▓▓▓▓▓▓▓▓▓▓▓▓▓▓▓▓
'.....÷'......'..[.[.)..'________
▓▓▓▓▓▓▓▓▓▓▓▓▓▓▓▓▓▓▓▓▓▓▓▓▓▓▓▓▓▓▓▓▓
.................................
▓▓▓▓▓▓▓▓▓▓▓▓▓▓▓▓▓▓▓▓▓▓▓▓▓▓▓▓▓▓▓▓▓
..'..[.[...'.([)........†........
▓▓▓▓▓▓▓▓▓▓▓▓▓▓▓▓▓▓▓▓▓▓▓▓▓▓▓▓▓▓▓▓▓
................@......o
▓▓▓▓▓▓▓▓▓▓▓▓▓▓▓▓▓▓▓▓▓▓▓▓


You could see Urug.

Vanquished Creatures
  A hydra (D)
  An unseen horror (D)
  2 black mambas (D)
  2 torpor snails (D)
  4 cane toads (D)
  A rime drake (D)
  An efreet (D)
  A komodo dragon (D)
  A wyvern (D)
  2 yaks (D)
  4 wargs (D)
  A soldier ant (D)
  A water moccasin (D)
  2 ice beasts (D)
  A sky beast (D)
  A centaur (D)
  5 wolves (D)
  7 bullfrogs (D)
  A howler monkey (D)
  2 worker ants (D)
  A leopard gecko (D)
  A bat zombie (D)
  2 goblins (D)
  A hobgoblin (D)
  A jackal (D)
  A bat (D)
48 creatures vanquished.

Notes
Turn   | Place    | Note
-------+----------+-------------------------------------------
     0 | D        | mhtbhm the Deep Elf Earth Elementalist began the quest for
                  | the Orb.
     0 | D        | Reached XP level 1. HP: 10/10 MP: 6/6
    80 | D        | Noticed a centaur
    80 | D        | Noticed a worker ant
    80 | D        | Noticed a worker ant
    80 | D        | Noticed an ice beast
    97 | D        | Killed an ice beast
    97 | D        | Reached skill level 6 in Spellcasting
    97 | D        | Reached XP level 2. HP: 15/15 MP: 0/11
    97 | D        | Reached XP level 3. HP: 19/19 MP: 0/13
    97 | D        | Reached XP level 4. HP: 24/24 MP: 0/14
   101 | D        | Reached skill level 7 in Spellcasting
   104 | D        | Reached XP level 5. HP: 21/28 MP: 9/17
   108 | D        | Killed a centaur
   108 | D        | Reached skill level 5 in Dodging
   108 | D        | Reached skill level 9 in Spellcasting
   183 | D        | Found a roughly hewn altar of Beogh.
   183 | D        | Found a snail-covered altar of Cheibriados.
   183 | D        | Found a shadowy altar of Dithmenos.
   183 | D        | Found a white marble altar of Elyvilon.
   183 | D        | Found a blossoming altar of Fedhas.
   183 | D        | Found an opulent altar of Gozag.
   184 | D        | Found a hazy altar of Hepliaklqana.
   185 | D        | Found a viscous altar of Jiyva.
   186 | D        | Found an ancient bone altar of Kikubaaqudgha.
   187 | D        | Found a corrupted altar of Lugonu.
   188 | D        | Found a burning altar of Makhleb.
   189 | D        | Found a sparkling altar of Nemelex Xobeh.
   190 | D        | Found an iron altar of Okawaru.
   191 | D        | Found a stormy altar of Qazlal.
   192 | D        | Found a sacrificial altar of Ru.
   193 | D        | Found a shimmering blue altar of Sif Muna.
   194 | D        | Found a bloodstained altar of Trog.
   195 | D        | Found a hide-covered altar of Uskayaw.
   196 | D        | Found a radiant altar of Vehumet.
   197 | D        | Found an ornate altar of the Wu Jian Council.
   198 | D        | Found a shimmering altar of Xom.
   199 | D        | Found a basalt altar of Yredelemnul.
   200 | D        | Found a glowing silver altar of Zin.
   201 | D        | Found a glowing golden altar of the Shining One.
   204 | D        | Became a worshipper of Vehumet
   340 | D        | Learned a level 2 spell: Passwall
   344 | D        | Learned a level 3 spell: Stone Arrow
   349 | D        | Learned a level 4 spell: Petrify
   355 | D        | Learned a level 5 spell: Lee's Rapid Deconstruction
   358 | D        | Noticed an ice beast
   363 | D        | Reached skill level 5 in Stealth
   363 | D        | Reached skill level 10 in Spellcasting
   363 | D        | Reached skill level 10 in Earth Magic
   363 | D        | Reached XP level 6. HP: 22/32 MP: 3/21
   367 | D        | Killed an ice beast
   367 | D        | Reached * piety under Vehumet
   367 | D        | Offered knowledge of Magic Dart by Vehumet.
   367 | D        | Reached skill level 11 in Spellcasting
   373 | D        | Reached skill level 12 in Spellcasting
   373 | D        | Reached XP level 7. HP: 15/37 MP: 4/24
   374 | D        | Killed an unseen horror
   374 | D        | Reached ** piety under Vehumet
   374 | D        | Reached skill level 1 in Fighting
   374 | D        | Reached skill level 1 in Short Blades
   374 | D        | Reached skill level 14 in Spellcasting
   374 | D        | Reached skill level 1 in Evocations
   374 | D        | Reached XP level 8. HP: 8/43 MP: 4/28
   734 | D        | Noticed an efreet
   736 | D        | Offered knowledge of Freeze by Vehumet.
   741 | D        | Reached *** piety under Vehumet
   741 | D        | Reached skill level 15 in Spellcasting
   800 | D        | Killed an efreet
  1145 | D        | Noticed a rime drake
  1145 | D        | Noticed a cane toad
  1147 | D        | Noticed a seven-headed hydra
  1148 | D        | Offered knowledge of Static Discharge by Vehumet.
  1149 | D        | Killed a cane toad
  1149 | D        | Reached XP level 9. HP: 45/48 MP: 17/30
  1149 | D        | Reached **** piety under Vehumet
  1149 | D        | Reached skill level 16 in Spellcasting
  1154 | D        | Noticed a torpor snail
  1417 | D        | Offered knowledge of Fulminant Prism by Vehumet.
  1417 | D        | Killed a seven-headed hydra
  1417 | D        | Reached skill level 17 in Spellcasting
  1417 | D        | Reached skill level 15 in Earth Magic
  1649 | D        | Killed a rime drake
  1649 | D        | Offered knowledge of Dazzling Flash by Vehumet.
  1924 | D        | Killed a torpor snail
  1924 | D        | Reached ***** piety under Vehumet
  1924 | D        | Offered knowledge of Olgreb's Toxic Radiance by Vehumet.
  2105 | D        | Noticed a komodo dragon
  2105 | D        | Noticed a black mamba
  2105 | D        | Noticed a torpor snail
  2105 | D        | Noticed a black mamba
  2105 | D        | Noticed a cane toad
  2108 | D        | Killed a cane toad
  2108 | D        | Reached skill level 18 in Spellcasting
  2108 | D        | Reached XP level 10. HP: 25/53 MP: 25/34
  2109 | D        | Killed a black mamba
  2110 | D        | Noticed a cane toad
  2289 | D        | Killed a torpor snail
  2289 | D        | Reached skill level 5 in Transmutations
  2292 | D        | Killed a black mamba
  2292 | D        | Reached skill level 19 in Spellcasting
  2444 | D        | Noticed a cane toad
  2453 | D        | Killed a cane toad
  2454 | D        | Killed a cane toad
  2454 | D        | Offered knowledge of Iskenderun's Mystic Blast by Vehumet.
  2545 | D        | Reached skill level 1 in Conjurations
  2552 | D        | Reached skill level 20 in Spellcasting
  2644 | D        | Gained mutation: You are weak. (Str -2) [potion of
                  | mutation]
  2644 | D        | Lost mutation: You are weak. (Str -2) [potion of mutation]
  2644 | D        | Gained mutation: You are agile. (Dex +2) [potion of
                  | mutation]
  2644 | D        | Gained mutation: You have a beak for a mouth. [potion of
                  | mutation]
  2687 | D        | Noticed Urug
  2689 | D        | Hit by a javelin thrown by Urug

Illustrated notes

Levels and vault maps discovered:
D:        linesprint [early_d, line_temple, items_1, d_10, items_2, lair_1,
          lair_end, items_3, orc_1, orc_end, items_4, d_15, swamp_1, shoals_1,
          snake_1, spider_1, d_20, vaults_1, items_5, swamp_end, shoals_end,
          snake_end, spider_end, vaults_end, d_27, items_6, zot_1, zot_end,
          crypt_end, forest_end, elf_end, slime_end, tomb_end, abyss_end,
          pan_hell_end]

Skill      XL: |  1  2  3  4  5  6  7  8  9 10 |
---------------+-------------------------------+-----
Earth Magic    | 7 8 10 11 12 14 16 17 | 17.7
Dodging        | 4 5 6 |  6.7
Stealth        | 4 5 6 7 |  7.1
Spellcasting   | 6 7 10 12 14 15 18 20 | 20.0
Fighting       | 1 2 |  2.2
Short Blades   | 1 2 |  2.4
Evocations     | 1 2 |  2.6
Transmutations | 2 4 5 |  5.9
Conjurations   | 1 |  1.2

Action                   |  1- 3 |  4- 6 |  7- 9 | 10-12 || total
-------------------------+-------+-------+-------+-------++-------
Melee: Rapier            |       |     4 |       |       ||     4
 Cast: Sandblast         |    12 |    10 |       |       ||    22
       Lee's Rapid Decon |       |     2 |    27 |    16 ||    45
       Petrify           |       |       |    14 |     9 ||    23
       Stone Arrow       |       |       |     1 |     2 ||     3
Evoke: Wand              |       |     2 |     2 |       ||     4
  Use: Potion            |     1 |     1 |     1 |     1 ||     4
       Scroll            |       |       |     1 |       ||     1
Armor: Robe              |       |     2 |       |     3 ||     5
Dodge: Dodged            |     3 |    11 |     9 |     6 ||    29

Table legend: (Time is in decaauts)
 A = Elapsed time spent in this place.
 B = Non-inter-level travel time spent in this place.
 C = Inter-level travel time spent in this place.
 D = Time resting spent in this place.
 E = Time spent auto-exploring this place.
 F = Levels seen in this place.
 G = Mean time per level.
                   A        B        C        D        E       F      G
               +--------+--------+--------+--------+--------+-----+--------+
         Total |   2693 |   2693 |      0 |   2024 |    168 |   1 | 2693.0 |
       Dungeon |   2693 |   2693 |      0 |   2024 |    168 |   1 | 2693.0 |
               +--------+--------+--------+--------+--------+-----+--------+

Top non-repeatable levels by time:
       D: 2693 daAuts
